 Dungeon Crawl Stone Soup version 0.23-a0-398-g8eab93f (webtiles) character file.

1 Cryolive the Digger (level 1, -2/10 HPs)
             Began as a Gargoyle Earth Elementalist on Nov 2, 2018.
             Slain by a goblin (3 damage)
             ... on level 1 of the Dungeon.
             The game lasted 00:00:23 (33 turns).

Cryolive the Digger (Gargoyle Earth Elementalist)     Turns: 33, Time: 00:00:24

Health: -2/10      AC:  4    Str: 11    XL:     1   Next: 20%
Magic:  3/3        EV: 12    Int: 15    God:
Gold:   0          SH:  0    Dex: 10    Spells: 3/4 levels left

rFire    . . .     SeeInvis .   (no weapon)
rCold    . . .     Gourm    .   (no shield)
rNeg     + . .     Faith    .   c - +0 robe
rPois    ∞         Spirit   .   (no helmet)
rElec    +         Reflect  .   (no cloak)
rCorr    .         Harm     .   (no gloves)
MR       .....                  (no boots)
Stlth    ++........             (no amulet)
HPRegen  0.03/turn              (no ring)
MPRegen  0.08/turn              (no ring)

@: no status effects
A: negative energy resistance 1, electricity resistance, unbreathing,
petrification resistance, rot immunity, AC +2
a: no special abilities


You were on level 1 of the Dungeon.
You were not hungry.

You visited 1 branch of the dungeon, and saw 1 of its levels.

Inventory:

Missiles
 b - 30 stones (quivered)
Armour
 c - a +0 robe (worn)
Comestibles
 d - a ration


   Skills:
 - Level 1.5 Dodging
 - Level 2.1 Stealth
 + Level 2.0 Spellcasting
   Level 0.7 Transmutations
 + Level 3.7 Earth Magic


You had 3 spell levels left.
You knew the following spells:

 Your Spells              Type           Power        Failure   Level  Hunger
a - Sandblast             Erth           ##....       4%          1    #......

Your spell library contained the following spells:

 Spells                   Type           Power        Failure   Level  Hunger
 Passwall                 Tmut/Erth      #.......     14%         2    ###....
 Stone Arrow              Conj/Erth      #.....       30%         3    ###....
 Petrify                  Tmut/Erth      #.......     65%         4    #####..
 Lee's Rapid Deconstruct  Erth           ##........   80%         5    ######.


Dungeon Overview and Level Annotations

Branches:
Dungeon (1/15)

Altars:


Innate Abilities, Weirdness & Mutations

You are resistant to torment.
Your stone body is resilient. (AC +2)
You are immune to poison.
You resist negative energy. (rN+)
You are resistant to electric shocks. (rElec)
You can survive without breathing.
You are immune to petrification.
You are immune to rotting.


Message History

A goblin comes into view.
You completely miss the giant cockroach.
The giant cockroach completely misses you.
The hobgoblin closely misses you.
You barely miss the giant cockroach. The giant cockroach barely misses you.
The hobgoblin barely misses you. The giant cockroach closely misses you.
You closely miss the giant cockroach. The giant cockroach barely misses you.
The goblin shouts!
You hit the giant cockroach but do no damage.
A ball python comes into view.
The giant cockroach barely misses you. The hobgoblin hits you.
The goblin completely misses you.
You hit the giant cockroach but do no damage.
The giant cockroach closely misses you. The hobgoblin completely misses you.
The goblin hits you.
You hit the giant cockroach but do no damage.
The giant cockroach bites you. The hobgoblin hits you.
* * * LOW HITPOINT WARNING * * *
The goblin hits you.
You die...

####.# ....######
.........
#####.......
#.......##
#.##.....######
###'####.$.......
##≈♣.♣≈##....#...
#≈≈♣.♣≈≈#..@g#
#≈≈♣.♣≈≈#..sg..#
#≈♣...♣≈#....S##
#♣.....♣#....#..
#.#.#.##.....#.?
###<####.....###..
### #...... #
....##..


You could see a giant cockroach, a hobgoblin, a goblin and a ball python.

Vanquished Creatures
  A goblin (D:1)
1 creature vanquished.

Notes
Turn   | Place    | Note
-------+----------+-------------------------------------------
     0 | D:1      | Cryolive the Gargoyle Earth Elementalist began the quest
                  | for the Orb.
     0 | D:1      | Reached XP level 1. HP: 10/10 MP: 3/3
    33 | D:1      | Slain by a goblin

Vault maps used:
D:1:      saegor_arrival_simple_d, hangedman_abyss_or_decor_lesser_grid,
          minmay_misc_feat_chi, grunt_decor_one_mirror, minmay_pentomino_z4

Action                   || total
-------------------------++-------
Melee: Unarmed           ||    10
Dodge: Dodged            ||    12

Table legend:
 A = Non-vault XP
 B = Vault XP
 C = Vault XP percentage of total XP
 D = Non-vault monster count
 E = Vault monster count
 F = Vault count percentage of total count
                 A         B        C        D         E       F
            +---------+---------+-------+---------+---------+-------
      Total |       0 |       2 | 100.0 |       0 |       1 | 100.0
            +---------+---------+-------+---------+---------+-------
        D:1 |       0 |       2 | 100.0 |       0 |       1 | 100.0
            +---------+---------+-------+---------+---------+-------
